AoeStats
← LM | TornardoBriese

Arabia

505884692Analyzed
1v1 RM · 20d ago on Sep 11, 2026· 27m 9s· 2 players
Game mode
Random Map
Map size
Tiny (2 player)
Population
200
Speed
Normal
Resources
Standard
Victory
Conquest
Starting age
Dark Age
Ending age
Imperial Age
RankedLock teamsTeams togetherTeam positionsShared explorationLock speedFull tech treeHidden civsTurbo modeCheats
Victory
Defeat
🇨🇳 Saracens · China
1194
+15
🇨🇭 Georgians · Switzerland
1183
-15
LM | TornardoBriese
3:17 Loom
9:55 Feudal Age
10:32 Double-Bit Axe
17:57 Wheelbarrow
17:41 Horse Collar
21:46 Castle Age
21:01 Fletching
21:12 Padded Archer Armor
22:07 Elite Skirmisher
GL_black duck
7:04 Loom
9:08 Feudal Age
10:30 Double-Bit Axe
16:18 Wheelbarrow
19:50 Castle Age
18:36 Fletching
18:43 Horse Collar
19:23 Gold Mining
20:28 Bodkin Arrow
20:17 Crossbowman
21:39 Padded Archer Armor
25:22 Scale Barding Armor
Connection lost

Rejoining the realm…

Still unreachable

The connection could not be restored.

Session expired

The server has moved on; the page needs a fresh start.